Map: Pillars of Gold LE

Players

Reynor

  • Race: Zerg Zerg
  • Spawn Location: 7:00

Astrea - Winner!

  • Race: Protoss Protoss
  • Spawn Location: 1:00

Event: IEM Katowice 2021

VOD

Have the link to the VOD?

Description

Time

  • Played on: Feb. 24, 2021, 1:37 p.m.
  • Length: 19:56

All games in this series

Show
View Real Time Build Order
Export as new Build Order

Reynor Zerg 

Build Orders: Hatch First 

Get SALT Encoding   

  12  0:01  Drone  
  13  0:13  Overlord  
  13  0:17  Drone  
  14  0:31  Drone x2  
  16  0:50  Hatchery  
  16  0:53  Drone  
  16  0:57  Drone  
  17  1:00  Drone  
  18  1:11  Extractor  
  18  1:18  Spawning Pool  
  16  1:20  Drone  
  16  1:23  Drone  
  18  1:29  Drone  
  19  1:39  Drone  
  20  1:50  Overlord  
  20  2:04  Queen x2  
  20  2:05  Drone x2  
  26  2:11  Drone  
  26  2:13  Drone  
  28  2:18  Metabolic Boost  
  28  2:23  Drone  
  28  2:24  Drone  
  30  2:33  Zergling x2  
  30  2:34  Drone  
  32  2:43  Queen  
  34  2:44  Overlord  
  34  2:55  Hatchery  
  34  2:57  Drone  
  34  2:59  Zergling x2  
  34  3:02  Drone  
  37  3:05  Zergling x2  
  37  3:06  Zergling x2  
  37  3:12  Overlord  
  38  3:13  Drone  
  38  3:14  Drone  
  38  3:17  Drone  
  41  3:22  Overlord  
  41  3:27  Queen  
  41  3:31  Drone x2  
  44  3:38  Overlord  
  44  3:40  Drone  
  45  3:44  Drone  
  45  3:45  Drone x2  
  48  3:49  Drone  
  48  3:52  Pneumatized Carapace  
  48  3:54  Drone  
  48  3:55  Overlord  
  50  3:57  Drone  
  50  4:01  Zergling x4  
  53  4:03  Drone  
  53  4:08  Queen  
  56  4:14  Drone x2  
  56  4:15  Drone  
  59  4:17  Overlord  
  59  4:23  Drone  
  60  4:24  Drone  
  60  4:28  Drone  
  62  4:34  Drone, Queen  
  62  4:35  Roach Warren  
  62  4:36  Drone x4  
  68  4:39  Drone  
  68  4:42  Lair  
  68  4:44  Drone  
  68  4:45  Drone  
  71  4:48  Drone x2  
  71  4:52  Evolution Chamber, Overlord  
  72  4:55  Drone x3  
  72  4:57  Extractor  
  72  4:58  Extractor, Drone  
  74  5:00  Drone  
  74  5:03  Drone  
  76  5:08  Drone x3  
  76  5:13  Drone  
  76  5:14  Drone  
  81  5:18  Hatchery, Zerg Missile Weapons Level 1  
  81  5:19  Drone x3  
  81  5:20  Drone  
  84  5:22  Drone  
  84  5:24  Drone x3  
  84  5:26  Overlord  
  88  5:30  Drone  
  88  5:33  Overlord, Extractor  
  88  5:35  Extractor x2  
  86  5:36  Drone  
  86  5:40  Drone  
  86  5:41  Glial Reconstitution  
  86  5:42  Overlord  
  88  5:43  Overseer  
  88  5:46  Hatchery  
  88  5:49  Drone x3  
  91  5:50  Overlord  
  91  5:54  Roach x3  
  91  5:55  Zergling x6, Roach  
  102  6:00  Spore Crawler  
  102  6:02  Roach  
  102  6:05  Roach x2  
  102  6:10  Overlord  
  106  6:12  Roach x2  
  106  6:14  Drone  
  106  6:15  Drone  
  106  6:17  Drone  
  113  6:22  Overlord  
  113  6:23  Roach x2  
  113  6:24  Drone  
  118  6:26  Extractor  
  118  6:28  Drone  
  118  6:30  Roach  
  120  6:33  Ravager  
  120  6:34  Ravager x3  
  120  6:36  Roach  
  120  6:38  Overlord  
  126  6:40  Overlord  
  122  6:47  Ravager x2  
  122  6:49  Zergling x2, Roach x2  
  122  6:51  Overlord  
  122  6:52  Zergling x2  
  130  6:55  Overlord  
  130  6:59  Roach x4  
  130  7:00  Roach x2  
  141  7:02  Roach x2  
  141  7:06  Roach  
  147  7:09  Drone  
  147  7:14  Drone x2, Zerg Melee Weapons Level 1  
  149  7:16  Drone  
  149  7:19  Drone x2  
  149  7:20  Evolution Chamber, Baneling Nest, Hatchery  
  149  7:21  Overlord  
  148  7:27  Drone x5  
  148  7:28  Drone  
  154  7:31  Roach x2, Drone  
  154  7:33  Drone x4  
  154  7:36  Queen  
  165  7:37  Zergling x4  
  165  7:40  Overlord  
  165  7:44  Roach x2, Ravager x2  
  171  7:45  Ravager  
  171  7:47  Zerg Missile Weapons Level 2  
  171  7:50  Extractor  
  173  7:51  Overlord  
  173  7:52  Drone x2  
  173  7:54  Zergling x2  
  173  7:56  Overlord  
  173  7:58  Drone  
  176  7:59  Overlord, Spore Crawler  
  176  8:02  Drone x4  
  176  8:05  Zergling x2  
  180  8:07  Centrifical Hooks  
  180  8:10  Overlord  
  180  8:12  Zergling x8  
  184  8:17  Drone  
  184  8:18  Drone x3  
  188  8:21  Infestation Pit  
  188  8:22  Zergling x10  
  188  8:23  Baneling x11  
  191  8:28  Zergling x2, Roach  
  191  8:29  Zergling x2  
  197  8:34  Zergling x4  
  197  8:35  Zergling x4  
  199  8:42  Baneling x8  
  199  8:44  Spine Crawler  
  199  8:45  Spine Crawler  
  197  8:54  Zergling x4  
  199  8:58  Hive  
  199  9:05  Hatchery  
  199  9:08  Zergling x6  
  199  9:16  Baneling x20  
  190  9:26  Zergling x38  
  190  9:30  Baneling x2  
  190  9:31  Baneling x2  
  196  9:32  Zergling x6  
  185  9:46  Zergling x22, Roach  
  185  9:49  Zergling x4, Roach  
  185  9:50  Roach  
  185  9:51  Zergling x6, Roach  
  190  9:53  Zergling x4, Roach  
  190  9:56  Baneling x38  
  190  9:57  Roach  
  187  10:00  Roach x3  
  187  10:02  Baneling x5  
  187  10:03  Roach  
  187  10:04  Queen  
  196  10:08  Roach  
  196  10:10  Baneling x19  
  196  10:12  Zergling x4  
  196  10:13  Zergling x2  
  187  10:22  Roach x2  
  187  10:23  Roach x3  
  187  10:25  Roach  
  160  10:30  Roach x4  
  160  10:31  Zergling x4, Roach x2  
  160  10:32  Zergling x2  
  160  10:35  Zergling x6, Roach  
  159  10:36  Roach  
  159  10:37  Roach  
  159  10:41  Roach x2  
  159  10:42  Zergling x2  
  152  10:46  Roach  
  152  10:49  Roach  
  154  10:51  Queen  
  154  10:52  Zergling x6, Queen  
  161  10:57  Drone  
  161  10:58  Drone  
  161  11:00  Adrenal Glands  
  161  11:02  Baneling x12  
  161  11:03  Drone x3  
  166  11:05  Zergling x6  
  166  11:07  Ravager x2  
  166  11:08  Drone  
  166  11:10  Extractor, Drone x3  
  173  11:12  Zergling x8  
  173  11:15  Zergling x2, Roach  
  173  11:17  Ravager x2  
  181  11:20  Zergling x14  
  181  11:22  Zergling x4  
  181  11:25  Zerg Melee Weapons Level 2  
  190  11:27  Zergling x4  
  190  11:28  Zergling x2  
  193  11:43  Zergling x6  
  193  11:44  Zergling x10  
  199  11:47  Baneling x17  
  199  12:05  Baneling x15  
  199  12:21  Spire  
  198  12:23  Drone  
  198  12:27  Spine Crawler  
  198  12:28  Spine Crawler x3  
  195  12:31  Drone x4  
  196  12:37  Zergling x6  
  196  12:41  Zergling x10  
  196  12:50  Zergling x30  
  199  12:54  Baneling x20  
  199  12:55  Baneling x2  
  199  13:04  Viper  
  197  13:06  Viper  
  200  13:15  Extractor  
  200  13:16  Baneling x16  
  200  13:17  Extractor  
  198  13:20  Zergling x4  
  200  13:32  Zergling x2  
  198  13:35  Zergling x6  
  198  13:39  Greater Spire  
  198  13:40  Zergling x4  
  199  13:45  Spore Crawler  
  199  13:46  Spore Crawler  
  199  13:47  Spine Crawler  
  199  13:48  Spine Crawler  
  195  13:49  Baneling  
  195  13:50  Baneling x5  
  195  13:51  Spine Crawler  
  195  13:53  Zerg Melee Weapons Level 3, Zerg Missile Weapons Level 3  
  186  13:56  Zergling x28  
  197  14:16  Zergling x10  
  197  14:17  Zergling x18  
  199  14:18  Baneling x8  
  185  14:27  Zergling x20  
  185  14:28  Zergling x30  
  195  14:34  Zergling x8  
  196  14:42  Baneling x28  
  196  14:44  Ravager x3  
  199  14:53  Baneling x17  
  199  14:54  Baneling x6  
  199  14:59  Baneling x6  
  194  15:29  Zergling x2  
  194  15:30  Zergling x10  
  191  15:38  Zergling x30  
  191  15:42  Zergling x4  
  193  15:43  Zergling x16  
  169  15:59  Zergling x12, Roach x7  
  168  16:04  Baneling  
  168  16:05  Baneling x5  
  168  16:08  Ravager  
  168  16:10  Ravager x4  
  169  16:16  Roach x3  
  173  16:23  Roach  
  171  16:30  Ravager x6  
  173  16:38  Roach x2  
  173  16:39  Roach  
  143  16:47  Roach x3  
  147  16:55  Baneling x3  
  147  16:57  Ravager x3  
  148  17:10  Ravager x6  
  148  17:13  Extractor  
  148  17:14  Extractor  
  151  17:16  Hatchery  
  151  17:18  Roach  
  151  17:19  Roach x4  
  159  17:29  Baneling  
  159  17:30  Baneling x7  
  159  17:32  Zergling x2  
  159  17:33  Zergling x8  
  159  17:51  Zergling x24  
  159  17:56  Overlord  
  159  17:58  Ravager x2  
  169  18:05  Overseer  
  169  18:07  Hydralisk Den  
  169  18:10  Zergling x12  
  173  18:18  Viper x2  
  165  18:21  Zergling x2, Roach  
  165  18:26  Zergling x2  
  165  18:27  Zergling x4  
  151  19:00  Hydralisk x7  
  98  19:26  Roach x6  
  104  19:34  Ravager  
Show
View Real Time Build Order
Export as new Build Order

Astrea Protoss - Winner!

Build Orders: Nexus First, Phoenix Opening 

Get SALT Encoding   

  12  0:00  Probe  
  13  0:12  Probe  
  14  0:18  Pylon  
  14  0:24  Probe  
  15  0:36  Probe  
  16  0:49  Probe  
  17  0:59  Nexus  
  17  1:03  Probe  
  18  1:13  Gateway  
  18  1:16  Probe (Chrono Boost)  
  19  1:24  Assimilator  
  20  1:27  Probe (Chrono Boost)  
  20  1:29  Assimilator  
  20  1:32  Probe (Chrono Boost)  
  21  1:42  Probe  
  21  1:46  Gateway  
  22  1:54  Probe  
  22  2:00  Cybernetics Core  
  23  2:11  Probe (Chrono Boost)  
  25  2:16  Probe (Chrono Boost)  
  25  2:20  Probe (Chrono Boost)  
  26  2:24  Probe (Chrono Boost)  
  26  2:25  Probe (Chrono Boost)  
  28  2:34  Adept x2 (Chrono Boost)  
  28  2:35  Probe  
  29  2:37  Probe  
  29  2:38  Warp Gate  
  29  2:43  Pylon  
  34  2:47  Probe  
  34  2:49  Probe  
  36  2:57  Sentry  
  38  3:01  Sentry, Probe x2  
  42  3:13  Probe (Chrono Boost)  
  42  3:14  Pylon  
  42  3:19  Probe (Chrono Boost)  
  44  3:23  Probe (Chrono Boost)  
  46  3:27  Probe (Chrono Boost)  
  46  3:30  Probe  
  47  3:35  Sentry x2  
  47  3:38  Probe  
  52  3:42  Probe  
  52  3:45  Phoenix  
  53  3:50  Probe, Nexus  
  53  3:51  Pylon  
  53  3:54  Shield Battery  
  54  4:07  Pylon  
  54  4:09  Probe (Chrono Boost)  
  56  4:13  Probe (Chrono Boost)  
  56  4:15  Assimilator, Forge  
  56  4:17  Twilight Council  
  56  4:19  Assimilator  
  56  4:21  Probe (Chrono Boost)  
  58  4:24  Pylon  
  58  4:25  Probe (Chrono Boost)  
  58  4:26  Probe (Chrono Boost)  
  58  4:29  Sentry x2  
  63  4:34  Probe  
  63  4:36  Probe  
  63  4:38  Phoenix  
  65  4:45  Gateway x2  
  65  4:46  Probe  
  65  4:47  Protoss Ground Weapons Level 1 (Chrono Boost), Blink  
  65  4:48  Probe  
  65  4:49  Robotics Facility  
  67  4:55  Assimilator  
  67  4:59  Phoenix  
  68  5:00  Probe (Chrono Boost)  
  68  5:02  Probe x2 (Chrono Boost)  
  70  5:10  Probe (Chrono Boost)  
  70  5:11  Probe (Chrono Boost)  
  70  5:13  Probe (Chrono Boost)  
  73  5:15  Probe (Chrono Boost)  
  73  5:16  Stalker x2, Probe  
  79  5:22  Probe  
  79  5:26  Probe  
  81  5:28  Probe  
  81  5:30  Pylon  
  81  5:31  Assimilator  
  81  5:33  Assimilator  
  81  5:34  Probe  
  81  5:35  Pylon  
  83  5:36  Observer  
  83  5:38  Probe  
  83  5:41  Stalker, Probe  
  83  5:42  Stalker x2  
  92  5:48  Photon Cannon  
  92  5:52  Stalker  
  92  5:55  Pylon  
  94  5:57  Warp Prism  
  96  6:11  Stalker x3  
  96  6:17  Pylon  
  102  6:19  Pylon  
  102  6:20  Robotics Bay  
  102  6:21  Robotics Facility  
  102  6:28  Stalker  
  104  6:37  Stalker x3  
  110  6:42  Protoss Ground Weapons Level 2 (Chrono Boost)  
  108  6:58  Probe  
  108  6:59  Probe  
  108  7:01  Gateway  
  110  7:02  Gateway  
  110  7:06  Colossus (Chrono Boost)  
  110  7:13  Pylon  
  110  7:14  Pylon, Photon Cannon  
  122  7:15  Colossus (Chrono Boost)  
  122  7:18  Gateway, Phoenix  
  122  7:26  Stalker x3  
  122  7:27  Stalker  
  130  7:32  Probe x2  
  132  7:45  Pylon  
  132  7:46  Extended Thermal Lance (Chrono Boost)  
  132  7:52  Colossus  
  138  7:58  Nexus  
  138  8:02  Colossus  
  138  8:05  Stalker x6  
  156  8:19  Pylon, Shield Battery, Photon Cannon  
  156  8:20  Pylon  
  156  8:30  Pylon  
  156  8:34  Pylon  
  156  8:43  Stalker x6  
  156  8:44  Stalker  
  168  8:51  Protoss Ground Weapons Level 3 (Chrono Boost)  
  166  9:10  Stalker x6  
  166  9:11  Stalker  
  178  9:19  Probe  
  178  9:20  Probe x2  
  181  9:37  Stalker x7  
  193  9:47  Probe  
  170  10:00  Stalker x3, Photon Cannon  
  170  10:01  Stalker x4  
  180  10:25  Stalker x7  
  116  10:40  Colossus x2  
  100  10:49  Probe x2  
  111  10:50  Probe  
  111  10:53  Stalker x3, Sentry x3  
  111  10:55  Assimilator, Probe  
  122  10:57  Assimilator  
  122  11:01  Probe  
  122  11:03  Probe x2  
  125  11:16  Stalker x7  
  139  11:21  Gateway  
  139  11:27  Gateway  
  139  11:46  Stalker x7  
  153  11:59  Pylon  
  153  12:00  Pylon  
  153  12:07  Templar Archives, Charge  
  153  12:10  Protoss Shields Level 1 (Chrono Boost)  
  153  12:15  Stalker x7  
  159  12:22  Stalker x2  
  171  12:34  Psionic Storm  
  151  12:44  Stalker x7  
  151  12:49  Probe  
  151  12:51  Nexus  
  145  12:54  Pylon  
  145  12:59  High Templar x3  
  145  13:04  High Templar  
  151  13:11  Pylon  
  151  13:14  Zealot x5  
  151  13:19  Photon Cannon  
  161  13:22  Photon Cannon  
  161  13:23  Pylon  
  161  13:24  Pylon  
  161  13:25  Immortal  
  165  13:31  Zealot x2  
  165  13:32  Zealot  
  162  13:42  High Templar x2  
  166  13:51  High Templar  
  166  13:52  Stalker x2, High Templar x3  
  166  13:53  Zealot  
  180  13:56  Archon x2, Protoss Ground Armor Level 1 (Chrono Boost)  
  180  13:57  Nexus  
  180  14:06  Pylon  
  180  14:07  Pylon  
  172  14:13  Probe x3  
  158  14:25  Probe x3  
  151  14:33  Stalker x8  
  151  14:37  Probe x3  
  166  14:49  Probe x3  
  169  14:53  Nexus  
  169  15:02  High Templar x4  
  169  15:05  Zealot x2  
  179  15:07  Archon x2  
  179  15:10  Zealot x2  
  179  15:12  Zealot  
  183  15:34  Zealot x8  
  199  15:43  Zealot  
  154  16:04  Assimilator  
  154  16:05  High Templar x4  
  154  16:06  High Templar x2  
  154  16:07  Zealot x3  
  154  16:09  Archon x2  
  154  16:10  Archon  
  170  16:12  Archon  
  170  16:16  Assimilator  
  166  16:19  Probe x3  
  169  16:30  Zealot x3  
  167  16:37  Zealot x2  
  139  16:55  Probe x2  
  139  16:56  Probe x2  
  139  17:00  High Templar x3  
  149  17:01  Probe  
  149  17:07  Probe  
  149  17:08  Zealot x5, Probe x2  
  161  17:09  Photon Cannon x2  
  161  17:11  Shield Battery  
  159  17:21  Probe (Chrono Boost)  
  160  17:23  Probe x3 (Chrono Boost)  
  160  17:26  Probe (Chrono Boost)  
  161  17:31  Colossus (Chrono Boost)  
  161  17:32  Zealot x4  
  161  17:34  Colossus (Chrono Boost)  
  182  17:38  Probe (Chrono Boost)  
  180  17:49  High Templar x2  
  184  17:52  Photon Cannon x2  
  184  17:54  Zealot x6, Shield Battery  
  184  17:55  Pylon  
  186  18:25  Observer (Chrono Boost)  
  186  18:26  Observer (Chrono Boost)  
  184  18:27  Zealot x8  
  168  19:05  Stalker x6  
  168  19:06  Stalker x2  
  168  19:07  Nexus  
  162  19:30  Zealot  
  162  19:31  Zealot x6  

Tags
 
Add a new tag
Caveats
  • Supply blocks, unpowered buildings, or Contaminate may cause inaccurate times.
  • Supply counts are checked every 10 seconds.